cohdb
Replays
Latest Replays
All Replays
Popular Replays
Top Player Replays
Match Explorer
How It Works
Community
CoH3 Stats
Reddit
Sign in to upload your games and track your stats! →
Sign in with Steam
Match 42806319
Unlisted
Match 42806319
Overview
Messages
Build Orders
End
Vickers Machine Gun Team
Construct Section Command Post
Infantry Section
Dingo Light Scout Car
Infantry Section
Construct Platoon Command Post
Humber Armored Car
Construct Field Infirmary
Light Vehicle Training
Selects Heavy Armor Battlegroup
Selects Rigorous Vehicle Training
Selects Forward Repair Assembly
Selects Light Vehicle Withdraw and Refit
Humber Armored Car
Grenade Package
Selects Radio Net
Selects Forward Repair Assembly
Selects UNKNOWN (2162094)
Royal Engineer Section
Construct Company Command Post
Churchill IV Heavy Tank
Armored Vehicle Training
Infantry Section
Selects Recon Artillery
Selects Designate Targets
Churchill IV Heavy Tank
Royal Engineer Section
Infantry Training
Darius
Serjio Dragonis
Abelixx
AZRA
Thrusher
K_4_N_1_4
Eboo
Panzerninja
0
0
Comments
sign in to comment!
No comments posted yet!